 Dungeon Crawl Stone Soup version 0.25-a0-96-g4073cf8 (webtiles) character file.

Game seed: 7965298222423564403, levelgen mode: deterministic

316 silenth the Gusty (level 6, -2/34 HPs)
             Began as a Tengu Air Elementalist on Nov 11, 2019.
             Slain by a sky beast (5 damage)
             ... on level 4 of the Dungeon.
             The game lasted 00:04:00 (3473 turns).

silenth the Gusty (Tengu Air Elementalist)          Turns: 3473, Time: 00:04:01

Health: -2/34      AC:  4    Str:  8    XL:     6   Next: 44%
Magic:  10/12      EV: 12    Int: 18    God:
Gold:   241        SH:  0    Dex: 14    Spells: 2/12 levels left

rFire    . . .     SeeInvis .   d - +0 spear
rCold    . . .     Gourm    .   (no shield)
rNeg     . . .     Faith    .   a - +0 robe
rPois    .         Spirit   .   (helmet restricted)
rElec    .         Reflect  .   g - +0 cloak
rCorr    .         Harm     .   s - +0 pair of gloves
MR       +....                  (boots unavailable)
Stlth    ++........             k - amulet of magic regeneration
HPRegen  0.11/turn              r - ring of protection from magic
MPRegen  0.38/turn              (no ring)

@: no status effects
A: beak, talons 3, able to fly
a: Fly


You were on level 4 of the Dungeon.
You were not hungry.

You visited 1 branch of the dungeon, and saw 5 of its levels.

You collected 241 gold pieces.

Inventory:

Hand Weapons
 d - a +0 spear (weapon)
Armour
 a - a +0 robe (worn)
 g - a +0 cloak (worn)
 s - a +0 pair of gloves (worn)
Jewellery
 k - an amulet of magic regeneration (around neck)
 r - a ring of protection from magic (left hand)
Scrolls
 f - a scroll of enchant armour {unknown}
 h - a scroll of amnesia {unknown}
 l - a scroll of fog {unknown}
 m - 2 scrolls of teleportation
 n - a scroll of enchant weapon {unknown}
 o - a scroll of noise
 t - a scroll of fear {unknown}
 w - a scroll of blinking {unknown}
 x - a scroll of remove curse {unknown}
Potions
 b - a potion of curing
 c - a potion of berserk rage {unknown}
 j - a potion of cancellation
 p - a potion of heal wounds
 q - 3 potions of mutation {unknown}
 u - a potion of might
Comestibles
 e - 3 rations
 i - a chunk of flesh


   Skills:
 + Level 1.5 Fighting
 - Level 2.1 Dodging
 - Level 2.0 Stealth
 + Level 3.5 Spellcasting
 + Level 4.4 Conjurations
 - Level 1.0 Charms
 + Level 6.0 Air Magic


You had 2 spell levels left.
You knew the following spells:

 Your Spells              Type           Power        Failure   Level  Hunger
a - Shock                 Conj/Air       ###.         1%          1    None
b - Swiftness             Chrm/Air       ###.....     5%          2    ##.....
c - Static Discharge      Conj/Air       ###.....     5%          3    ###....
d - Airstrike             Air            ###.......   13%         4    ####...

Your spell library contained the following spells:

 Spells                   Type           Power        Failure   Level  Hunger
 Lightning Bolt           Conj/Air       ###.......   45%         5    ######.


Dungeon Overview and Level Annotations

Branches:
Dungeon (5/15)
 Temple: D:4-7

Altars:
Elyvilon
Ru
Xom

Annotations:
D:3 2 transporters, timneilson's ghost, amateur DrBe
D:5 Eustachio


Innate Abilities, Weirdness & Mutations

You have a beak for a mouth.
You have claws for feet.
You can fly continuously.


Message History

Aiming: Shock (safe; 1% risk of failure)
Press: ? - help, Shift-Dir - straight line The zap hits something.
Something hits you. Something shocks you.
Casting: Shock (safe; 1% risk of failure)
Confirm with . or Enter, or press ? or * to list all spells.
Aiming: Shock (safe; 1% risk of failure)
Press: ? - help, Shift-Dir - straight line The zap hits something but does no damage.
Something hits you.
* * * LOW HITPOINT WARNING * * *
Something shocks you.
* * * LOW HITPOINT WARNING * * *
Casting: Shock (safe; 1% risk of failure)
Confirm with . or Enter, or press ? or * to list all spells.
Aiming: Shock (safe; 1% risk of failure)
Press: ? - help, Shift-Dir - straight line The zap hits something. x2; Something hits you.
* * * LOW HITPOINT WARNING * * *
Something shocks you.
You die...

##'##
#.#.#....####.#.#.#
#.# #.#.#.#..#
#.#.#.# # #.#
#........# #.#.#.# #
##.## ###......#
#.#.... # ##...##
###.#### #.###.# #
#.....# #.# #.###.# #
##...## #.# #.....#
######.############.#
#######
................@.>.#
#####################


There were no monsters in sight!

Vanquished Creatures
  An ogre (D:4)
  A crimson imp (D:3)
  A hound (D:4)
  An orc priest (D:4)
  2 worker ants (D:4)
  An adder (D:2)
  3 oozes
  2 worms
  A dart slug (D:1)
  A leopard gecko (D:2)
  5 orcs
  6 bats
  A giant cockroach (D:1)
  2 goblins
  2 hobgoblins (D:1)
  11 jackals
  A ball python (D:4)
  A frilled lizard (D:1)
  6 kobolds
  5 rats
54 creatures vanquished.

Vanquished Creatures (others)
  5 dream sheep (D:3)
  A plant (D:3)
6 creatures vanquished.

Grand Total: 60 creatures vanquished

Notes
Turn   | Place    | Note
-------+----------+-------------------------------------------
     0 | D:1      | silenth the Tengu Air Elementalist began the quest for the
                  | Orb.
     0 | D:1      | Reached XP level 1. HP: 10/10 MP: 4/4
   431 | D:1      | Reached XP level 2. HP: 15/15 MP: 0/6
   535 | D:1      | Reached skill level 2 in Conjurations
  1010 | D:2      | Reached XP level 3. HP: 14/19 MP: 1/7
  1014 | D:2      | Learned a level 2 spell: Swiftness
  1018 | D:2      | Learned a level 3 spell: Static Discharge
  1047 | D:2      | Found a sacrificial altar of Ru.
  1662 | D:3      | Found a white marble altar of Elyvilon.
  1741 | D:3      | Reached XP level 4. HP: 16/24 MP: 3/9
  1828 | D:3      | Reached skill level 3 in Conjurations
  1908 | D:3      | Reached skill level 3 in Spellcasting
  1908 | D:3      | Reached skill level 5 in Air Magic
  1918 | D:3      | You fall into a shaft and drop 1 floor!
  1952 | D:3      | Found a transporter.
  1959 | D:3      | Identified the +3 spear "Busah" {venom, rF+ Int+3 Stlth+}
  1960 | D:3      | Noticed timneilson's ghost (amateur DrBe)
  1993 | D:3      | Noticed a dream sheep
  1993 | D:3      | Noticed a dream sheep
  1993 | D:3      | Noticed a dream sheep
  1993 | D:3      | Noticed a dream sheep
  1993 | D:3      | Noticed a dream sheep
  1993 | D:3      | Found a shimmering altar of Xom.
  1999 | D:3      | Killed a dream sheep
  1999 | D:3      | Killed a dream sheep
  1999 | D:3      | Killed a dream sheep
  1999 | D:3      | Killed a dream sheep
  1999 | D:3      | Killed a dream sheep
  2146 | D:3      | Found a transporter.
  2667 | D:4      | Gained mutation: You can fly continuously. [Tengu growth]
  2667 | D:4      | Reached XP level 5. HP: 27/28 MP: 4/10
  2688 | D:4      | Learned a level 4 spell: Airstrike
  2761 | D:4      | Noticed an ogre
  2771 | D:4      | Killed an ogre
  2771 | D:4      | Reached skill level 1 in Fighting
  2771 | D:4      | Reached skill level 4 in Conjurations
  2813 | D:4      | Reached XP level 6. HP: 34/34 MP: 7/12
  2927 | D:4      | Reached skill level 1 in Charms
  3252 | D:4      | Reached skill level 6 in Air Magic
  3377 | D:5      | Entered Level 5 of the Dungeon
  3377 | D:5      | Noticed Eustachio
  3377 | D:5      | Noticed a sky beast
  3473 | D:4      | HP: 3/34 [something (2)]
  3473 | D:4      | Slain by a sky beast

Levels and vault maps discovered:
D:1:      eino_arrival_cavern_a, layout_loops_ring
D:2:      layout_basic, nicolae_overflow_crystal_walls, serial_curves,
          eino_curves_02, eino_curves_03
D:3:      layout_basic, kb_xom_exploding_sheep, elyvilon_altar_4,
          gammafunk_ghost_gnarly_gnolls
D:4:      layout_loops_corners
D:5:      layout_cave_pools, lemuel_zombie_altar_yredelemnul,
          gammafunk_ghost_stat_death, serial_shops, shop, first_ration,
          portal_sewer_entry_e, uniq_eustachio, uniq_prince_ribbit1

Skill      XL: |  1  2  3  4  5  6 |
---------------+-------------------+-----
Conjurations   | 2 3 4 |  4.4
Spellcasting   | 3 |  3.5
Air Magic      | 5 6 |  6.0
Fighting       | 1 |  1.5
Charms         | 1 |  1.0
Dodging        | |  2.1
Stealth        | |  2.0

Action                   |  1- 3 |  4- 6 || total
-------------------------+-------+-------++-------
Melee: Unarmed           |     6 |       ||     6
       Spear             |    11 |    16 ||    27
       Peck              |     2 |     2 ||     4
       Kick              |     2 |     2 ||     4
 Cast: Shock             |    67 |    85 ||   152
       Static Discharge  |       |     3 ||     3
       Airstrike         |       |     2 ||     2
  Use: Scroll            |       |     7 ||     7
  Eat: Chunk             |     3 |     6 ||     9
Armor: Robe              |    10 |     7 ||    17
Dodge: Dodged            |    21 |    27 ||    48

Table legend:
 A = Non-vault XP
 B = Vault XP
 C = Vault XP percentage of total XP
 D = Non-vault monster count
 E = Vault monster count
 F = Vault count percentage of total count
                 A         B        C        D         E       F
            +---------+---------+-------+---------+---------+-------
      Total |     452 |       0 |   0.0 |      54 |       0 |   0.0
            +---------+---------+-------+---------+---------+-------
        D:1 |      27 |       0 |   0.0 |      17 |       0 |   0.0
        D:2 |      41 |       0 |   0.0 |       9 |       0 |   0.0
        D:3 |      71 |       0 |   0.0 |      10 |       0 |   0.0
        D:4 |     313 |       0 |   0.0 |      18 |       0 |   0.0
            +---------+---------+-------+---------+---------+-------
